AoeStats
← dolt34

Arabia

510463331Analyzed
1v1 RM · 1d ago on Oct 1, 2026· 42m 32s· 2 players
Game mode
Random Map
Map size
Tiny (2 player)
Population
200
Speed
Normal
Resources
Standard
Victory
Conquest
Starting age
Dark Age
Ending age
Imperial Age
RankedLock teamsTeams togetherTeam positionsShared explorationLock speedFull tech treeHidden civsTurbo modeCheats
Victory
Defeat
🇦🇺 Magyars · Australia
1241
+16
🇺🇸 Mongols · United States
1246
-16
Civ_Picker
6:44 Loom
10:28 Feudal Age
14:34 Double-Bit Axe
15:42 Horse Collar
22:00 Castle Age
21:44 Bloodlines
22:27 Scale Barding Armor
22:09 Light Cavalry
25:39 Chain Barding Armor
31:11 Gold Mining
31:40 Bow Saw
31:36 Heavy Plow
32:18 Wheelbarrow
33:59 Husbandry
36:48 Gold Shaft Mining
42:03 Imperial Age
40:48 Stone Mining
43:13 Hand Cart
dolt34
6:04 Loom
8:49 Feudal Age
9:07 Man-at-Arms
9:36 Double-Bit Axe
15:45 Fletching
18:36 Scale Mail Armor
22:30 Castle Age
20:50 Gold Mining
21:00 Horse Collar
21:46 Bloodlines
21:51 Scale Barding Armor
22:53 Pikeman
24:29 Bow Saw
25:53 Town Watch
26:47 Wheelbarrow
32:29 Husbandry
33:29 Chain Mail Armor
36:55 Stone Mining
37:08 Heavy Plow
40:22 Chain Barding Armor
40:13 Forging
Connection lost

Rejoining the realm…

Still unreachable

The connection could not be restored.

Session expired

The server has moved on; the page needs a fresh start.